[Event "Titled Tuesday Blitz June 27 Early 2023"]
[White "Quintiliano Pinto, Renato R."]
[Black "Droin, Augustin"]
[WhiteFideId "2117568"]
[BlackFideId "45105987"]
[WhiteElo "2726"]
[BlackElo "2529"]
[Result "1/2-1/2"]
[Round "4"]
[TimeControl "180+2"]
[Date "2023.06.27"]
[WhiteClock "0:00:28"]
[BlackClock "0:00:18"]
[Board "75"]

1. e4 c5 2. Nf3 Nc6 3. d4 cxd4 4. Nxd4 Nf6 5. Nc3 h5 6. Nb3 e5 7. Bg5 Be7 8. Bc4 d6 9. O-O Be6 10. Qd3 O-O 11. Bxf6 Bxf6 12. Nd5 Bg5 13. c3 Rc8 14. Rad1 Kh8 15. Qe2 h4 16. h3 Bh6 17. Nd2 Na5 18. Bb3 Rc5 19. Bc2 Rc8 20. b4 Nc6 21. Nc4 Ne7 22. Nce3 Bxd5 23. Nxd5 Nxd5 24. Rxd5 Rxc3 25. Bb3 Qc7 26. Rfd1 Rc1 27. Qb5 Rc8 28. Rxc1 Qxc1+ 29. Rd1 Qc7 30. Qd5 Kg8 31. Qxd6 Bg5 32. Qd5 Rd8 33. Qb5 Rxd1+ 34. Bxd1 a6 35. Qd3 Bf4 36. Kf1 Qb6 37. Ke2 Qxb4 38. Qd8+ Qf8 39. Qxf8+ Kxf8 40. Bb3 Ke7 41. Bd5 b6 42. Bb7 a5 43. a4 Kd6 44. Ba6 f6 45. Bb5 Kc5 46. Be8 Bc1 47. Bb5 Bb2 48. Be8 Kd6 49. Bb5 Bd4 50. Be8 Ke7 51. Bb5 g6 52. Kf3 f5 53. Bd3 Kf6 54. Bb5 fxe4+ 55. Kxe4 Bxf2 56. Be8 Bd4 57. Bd7 Ke7 58. Bb5 Kd6 59. Be8 g5 60. Bb5 Bb2 61. Be8 Bc1 62. Bb5 Bf4 63. Be2 Kc5 64. Bb5 Kb4 65. Bc6 Kc3 66. Bb5 Kd2 67. Kf3 Bg3 68. Ke4 Ke1 69. Kf3 Bf4 70. Bc6 Kf1 71. Bb5+ Kg1 72. Bd3 Bg3 73. Be4 Be1 74. Bc6 Bc3 75. Be4 Bd4 76. Bc6 Bc5 77. Kg4 Be7 78. Kf3 Bb4 79. Be4 Bc5 80. Bc6 Bd4 81. Be4 b5 82. axb5 a4 83. Bd5 a3 84. g3 Kf1 85. gxh4 gxh4 86. Ke4 Ke2 87. Be6 Kd2 88. b6 Bxb6 89. Kxe5 Kc3 90. Kf4 Kb2 91. Kf3 Bd8 92. Kg2 a2 93. Bxa2 Kxa2 94. Kh1 Kb3 95. Kg1 Kc4 96. Kh1 Kd3 97. Kg1 Ke3 98. Kh1 Kf3 99. Kh2 Kf4 100. Kh1 Kg3 101. Kg1 Bc7 102. Kh1 Ba5 103. Kg1 Kxh3 104. Kh1 Bb6 1/2-1/2


[Site "https://www.chess.com"]

[Event "Titled Tuesday Blitz June 27 Early 2023"]
[White "Lortkipanidze, Nodar"]
[Black "Mattheii"]
[WhiteFideId "13604058"]
[WhiteElo "2725"]
[BlackElo "2514"]
[Result "0-1"]
[Round "4"]
[TimeControl "180+2"]
[Date "2023.06.27"]
[WhiteClock "0:01:35"]
[BlackClock "0:00:50"]
[Board "76"]

1. e4 c5 2. c3 Nf6 3. e5 Nd5 4. d4 cxd4 5. Qxd4 e6 6. Nf3 Nc6 7. Qe4 f5 8. exf6 Nxf6 9. Qh4 e5 10. Bg5 Be7 11. Bb5 O-O 12. Bxc6 dxc6 13. Nxe5 h6 14. Qc4+ Qd5 15. Qxd5+ cxd5 16. Be3 Bd6 17. f4 Ng4 18. Nxg4 Bxg4 19. O-O g5 20. Nd2 Rfe8 21. Rae1 Rxe3 22. Rxe3 Bc5 23. Re1 gxf4 24. Nf1 fxe3 25. b4 Bb6 26. Ng3 e2+ 27. Kh1 Bf2 0-1


[Site "https://www.chess.com"]

[Event "Titled Tuesday Blitz June 27 Early 2023"]
[White "Vovk, Orest"]
[Black "splendidkid"]
[WhiteFideId "14113490"]
[WhiteElo "2514"]
[BlackElo "2723"]
[Result "0-1"]
[Round "4"]
[TimeControl "180+2"]
[Date "2023.06.27"]
[WhiteClock "0:00:35"]
[BlackClock "0:01:07"]
[Board "77"]

1. g4 e5 2. g5 Qxg5 3. d4 Qe7 4. dxe5 Qxe5 5. Nf3 Qh5 6. Rg1 h6 7. Nc3 Nf6 8. Bf4 c6 9. Bd6 Qa5 10. Bxf8 Rxf8 11. Qd6 Ne4 12. Qd4 Nxc3 13. bxc3 g6 14. e4 d5 15. Qe5+ Be6 16. Rxg6 Nd7 17. Rxe6+ fxe6 18. Qxe6+ Kd8 19. Bh3 Qxc3+ 20. Ke2 Qxf3+ 21. Kd2 Qxf2+ 22. Kc1 Qf4+ 23. Kb1 Qf7 24. Qd6 Qe7 25. Qxh6 Qb4+ 26. Kc1 Kc7 27. Rb1 Qa3+ 28. Kd2 Rf2+ 29. Ke1 Raf8 30. Qg7 Qe3+ 0-1


[Site "https://www.chess.com"]

[Event "Titled Tuesday Blitz June 27 Early 2023"]
[White "Osmak, Yuliia"]
[Black "Aradhya, Garg"]
[WhiteFideId "14101602"]
[BlackFideId "25006746"]
[WhiteElo "2505"]
[BlackElo "2722"]
[Result "0-1"]
[Round "4"]
[TimeControl "180+2"]
[Date "2023.06.27"]
[WhiteClock "0:00:00"]
[BlackClock "0:00:07"]
[Board "78"]

1. e4 e5 2. Nf3 Nc6 3. Bb5 a6 4. Ba4 Bc5 5. O-O d6 6. c3 Bd7 7. d4 Ba7 8. Be3 Nf6 9. Nbd2 O-O 10. h3 Qe8 11. Bc2 h6 12. d5 Ne7 13. Bxa7 Rxa7 14. c4 Ng6 15. Kh2 a5 16. Ne1 c5 17. dxc6 Bxc6 18. f3 b5 19. Nd3 Rb7 20. b3 Qe7 21. Qe1 Rc8 22. Rd1 b4 23. Rf2 Nf8 24. Nf1 Ne6 25. Ne3 Nd4 26. Nc1 Bd7 27. Ne2 Nxe2 28. Rxe2 Be6 29. Red2 Rd7 30. Rd3 Qd8 31. Qd2 Ne8 32. Bb1 Qb6 33. Nd5 Bxd5 34. exd5 a4 35. f4 axb3 36. axb3 exf4 37. Qxf4 Nf6 38. Rg3 Nh5 39. Qg4 Nxg3 40. Qxd7 Rd8 41. Qg4 Re8 42. Qxg3 Re2 43. Qd3 Re3 44. Qh7+ Kf8 45. Qxh6 gxh6 0-1


[Site "https://www.chess.com"]

[Event "Titled Tuesday Blitz June 27 Early 2023"]
[White "Koutlas, Nikolaos"]
[Black "Yuan, Qingyu"]
[WhiteFideId "25827138"]
[BlackFideId "8609772"]
[WhiteElo "2496"]
[BlackElo "2717"]
[Result "0-1"]
[Round "4"]
[TimeControl "180+2"]
[Date "2023.06.27"]
[WhiteClock "0:00:09"]
[BlackClock "0:00:12"]
[Board "79"]

1. Nf3 d5 2. g3 c5 3. Bg2 Nc6 4. c4 dxc4 5. Qa4 Bd7 6. Qxc4 e6 7. O-O Nf6 8. Nc3 Be7 9. d3 O-O 10. Be3 b6 11. a3 Rc8 12. Rac1 Na5 13. Qa2 Bc6 14. Rfd1 Qc7 15. d4 cxd4 16. Nxd4 Bxg2 17. Kxg2 Nc4 18. Bf4 e5 19. Ncb5 Qb7+ 20. Kg1 a6 21. Rxc4 exf4 22. Nc3 fxg3 23. hxg3 g6 24. Nf3 Rfd8 25. Rxc8 Qxc8 26. Rxd8+ Bxd8 27. Nd5 Qe6 28. Nxf6+ Bxf6 29. Qxe6 fxe6 30. b3 h5 31. e4 Bb2 32. a4 Kf7 33. Kf1 Ke7 34. Ke2 Kd6 35. Kd3 Bf6 36. Kc4 g5 37. e5+ Bxe5 38. Nxg5 Bg7 39. Nf3 Bf6 40. b4 e5 41. Nd2 Ke6 42. Ne4 Be7 43. a5 b5+ 44. Kc3 Kd5 45. f3 Kc6 46. Kb3 Kd5 47. Kc3 Kc6 48. Nd2 h4 49. gxh4 Bxh4 50. Kd3 Be1 51. Ke2 Bxd2 52. Kxd2 Kd6 53. Ke3 Kd5 54. Kd3 Kd6 55. Ke4 Ke6 56. Ke3 Kd5 57. Kd3 Kd6 58. Ke4 Ke6 59. Ke3 Kf5 60. Ke2 Kf4 61. Kf2 e4 62. fxe4 Kxe4 63. Ke2 Kd4 64. Kf3 Kc4 65. Ke4 Kxb4 66. Kd5 Kxa5 67. Kc6 Kb4 0-1


[Site "https://www.chess.com"]

[Event "Titled Tuesday Blitz June 27 Early 2023"]
[White "Zhu, Jiner"]
[Black "Ritvin, Stanislav"]
[WhiteFideId "8608059"]
[BlackFideId "2011751"]
[WhiteElo "2717"]
[BlackElo "2491"]
[Result "1-0"]
[Round "4"]
[TimeControl "180+2"]
[Date "2023.06.27"]
[WhiteClock "0:00:04"]
[BlackClock "0:00:00"]
[Board "80"]

1. c4 c6 2. Nc3 d5 3. d4 Nf6 4. e3 e6 5. Nf3 Nbd7 6. Bd3 dxc4 7. Bxc4 b5 8. Bd3 b4 9. Ne4 Bb7 10. O-O Qb6 11. Nfd2 c5 12. dxc5 Nxc5 13. Nc4 Qc7 14. Nxc5 Bxc5 15. e4 Rd8 16. Qe2 e5 17. Bg5 h6 18. Bxf6 gxf6 19. Rac1 Qd7 20. Nxe5 fxe5 21. Bb5 Bc6 22. Rxc5 Bxb5 23. Rxe5+ Kf8 24. Rxb5 Rg8 25. Qh5 Qe6 26. Rxb4 Rg5 27. Qh4 Rd2 28. Rb8+ Kg7 29. Rb3 Kh7 30. Qf4 Re2 31. Rf3 Kg7 32. b3 Rxe4 33. Qc7 Re2 34. a4 Qd5 35. Qc3+ Kg8 36. Rg3 Re6 37. h4 Rxg3 38. fxg3 Re2 39. Qf3 Qd4+ 40. Kh2 Re7 41. Rd1 Qb6 42. Rd5 Re3 43. Qg4+ Kf8 44. Rb5 Qd6 45. Rf5 1-0


[Site "https://www.chess.com"]

[Event "Titled Tuesday Blitz June 27 Early 2023"]
[White "Lavrik, Dmitry"]
[Black "Gheorghiu, Calin"]
[WhiteFideId "24113190"]
[BlackFideId "1200305"]
[WhiteElo "2716"]
[BlackElo "2480"]
[Result "0-1"]
[Round "4"]
[TimeControl "180+2"]
[Date "2023.06.27"]
[WhiteClock "0:00:01"]
[BlackClock "0:00:28"]
[Board "81"]

1. c4 b6 2. Nc3 Bb7 3. Nf3 Nf6 4. g3 Bxf3 5. exf3 c6 6. Bg2 d5 7. d3 e6 8. O-O Be7 9. Qe2 O-O 10. b3 Nbd7 11. Bb2 Re8 12. f4 Bf8 13. Rfe1 g6 14. Rad1 Bg7 15. Qc2 a6 16. Ne2 b5 17. Nd4 Qb6 18. Nf3 a5 19. Bd4 c5 20. Ba1 a4 21. Ne5 axb3 22. axb3 bxc4 23. dxc4 Nxe5 24. fxe5 Nd7 25. cxd5 exd5 26. Bxd5 Rad8 27. Qc4 Nxe5 28. Bxe5 Rxe5 29. Rxe5 Bxe5 30. Bxf7+ Kg7 31. Bd5 Bd4 32. Kg2 Qf6 33. f4 Re8 34. Bf3 Re3 35. b4 Rc3 36. Qd5 Rc2+ 37. Kh1 Qb6 38. Re1 Bf6 39. Re6 Qxb4 40. Qd7+ Kh6 41. g4 Qxf4 42. Qd1 Qxh2# 0-1


[Site "https://www.chess.com"]

[Event "Titled Tuesday Blitz June 27 Early 2023"]
[White "Ernst, Sipke"]
[Black "Matinian, Nikita"]
[WhiteFideId "1004689"]
[BlackFideId "24129100"]
[WhiteElo "2659"]
[BlackElo "2713"]
[Result "0-1"]
[Round "4"]
[TimeControl "180+2"]
[Date "2023.06.27"]
[WhiteClock "0:00:00"]
[BlackClock "0:00:04"]
[Board "82"]

1. d4 d6 2. g3 g6 3. Bg2 Bg7 4. Nf3 Nf6 5. O-O O-O 6. Re1 c6 7. e4 Bg4 8. Nbd2 Nbd7 9. h3 Bxf3 10. Nxf3 e5 11. dxe5 dxe5 12. b4 Qe7 13. Rb1 Rfd8 14. Qe2 b5 15. c4 a6 16. c5 Nf8 17. Bb2 N6d7 18. h4 a5 19. a3 axb4 20. axb4 Ra2 21. Ra1 Rda8 22. Rxa2 Rxa2 23. Ra1 Rxa1+ 24. Bxa1 Ne6 25. Bh3 Nd4 26. Bxd4 exd4 27. Bxd7 Qxd7 28. Ne1 Qe6 29. Nd3 f5 30. e5 Bh6 31. f4 Bg7 32. Qf3 h6 33. Kg2 Kh7 34. Kh2 Bf8 35. Kg2 Be7 36. Nf2 Kg7 37. Kh3 Qa2 38. Kg2 Qe6 39. Nd3 Kf7 40. Kh3 h5 41. Kg2 Bd8 42. Nf2 Bc7 43. Nh3 Ke7 44. Nf2 Kd7 45. Nd3 Kc8 46. Qf2 Qc4 47. Qf3 Qb3 48. Nf2 Qe6 49. Qe2 Kd7 50. Qf3 Qc4 51. Nd3 Qc2+ 52. Kh3 Qb3 53. Kg2 Qa2+ 54. Kh3 Bb8 55. Qd1 Qd5 56. Nf2 Ke6 57. Kh2 Bc7 58. Nd3 Bd8 59. Nf2 Be7 60. Nd3 Qa2+ 61. Kh3 Qc4 62. Qf3 Qd5 63. Kg2 Qe4 64. Nf2 Qxf3+ 65. Kxf3 Kd5 66. Ke2 Kc4 67. Nd3 Kc3 68. e6 Kc2 69. Ne5 Bf6 70. Nd3 Kc3 71. Ne5 Kc2 72. Nd3 Kc3 73. Ne5 Bxe5 74. e7 Kc2 75. e8=Q d3+ 76. Kf2 d2 77. Qxe5 d1=Q 0-1


[Site "https://www.chess.com"]

[Event "Titled Tuesday Blitz June 27 Early 2023"]
[White "Nouri, Alekhine"]
[Black "Boraso, Alessio"]
[WhiteFideId "5216184"]
[BlackFideId "848077"]
[WhiteElo "2706"]
[BlackElo "2470"]
[Result "0-1"]
[Round "4"]
[TimeControl "180+2"]
[Date "2023.06.27"]
[WhiteClock "0:00:03"]
[BlackClock "0:00:27"]
[Board "83"]

1. e4 c5 2. Nc3 Nc6 3. Bb5 Nd4 4. Nf3 e6 5. O-O Ne7 6. Nxd4 cxd4 7. Ne2 Nc6 8. c3 dxc3 9. bxc3 Be7 10. d4 d5 11. e5 Bd7 12. Bd3 Rc8 13. f4 f5 14. exf6 Bxf6 15. Ng3 O-O 16. Nh5 Be8 17. Nxf6+ Qxf6 18. Ba3 Rf7 19. Bd6 Rd7 20. Be5 Nxe5 21. fxe5 Qh6 22. Rc1 Bg6 23. h3 Qe3+ 24. Kh2 Qxd3 25. Qg4 Bf5 26. Qh4 Rxc3 27. Rf3 Qxf3 28. gxf3 Rxc1 29. Qh5 Rc8 30. Qg5 h6 31. Qe3 Rc2+ 32. Kg3 Rxa2 33. h4 Rc7 34. Qb3 Rcc2 35. Qxb7 Rg2+ 36. Kf4 Rad2 37. Qb8+ Kh7 38. Qxa7 Rd3 39. h5 Rh2 40. Kg3 Rh3+ 41. Kg2 Rxh5 42. Kg3 Rh3+ 43. Kg2 Rdxf3 44. Qe7 Be4 45. Kg1 Rhg3+ 46. Kh2 Rg5 47. Kh1 Rf1+ 48. Kh2 Rh1# 0-1


[Site "https://www.chess.com"]

[Event "Titled Tuesday Blitz June 27 Early 2023"]
[White "Mazurkiewicz, Michal"]
[Black "Hambleton, Aman"]
[WhiteFideId "1124943"]
[BlackFideId "2606577"]
[WhiteElo "2468"]
[BlackElo "2704"]
[Result "0-1"]
[Round "4"]
[TimeControl "180+2"]
[Date "2023.06.27"]
[WhiteClock "0:00:04"]
[BlackClock "0:00:04"]
[Board "84"]

1. e4 b6 2. g3 Bb7 3. Bg2 e6 4. d3 Ne7 5. Nd2 g6 6. Ngf3 Bg7 7. O-O O-O 8. Re1 d6 9. h4 h6 10. Nf1 e5 11. Ne3 Nd7 12. h5 g5 13. Nh2 f5 14. exf5 Bxg2 15. Kxg2 Nxf5 16. Nxf5 Rxf5 17. Ng4 Qe8 18. Qe2 Qxh5 19. Qe4 Raf8 20. Rh1 Qg6 21. Qc4+ R8f7 22. Qxc7 h5 23. Qd8+ Bf8 24. Ne3 Rxf2+ 25. Kg1 Re2 26. b3 Nf6 27. Qc8 e4 28. dxe4 Qxe4 29. Qe6 Qxe6 30. Rxh5 Nxh5 31. Nf5 Qxf5 32. g4 Qf2+ 33. Kh1 Qg2# 0-1


[Site "https://www.chess.com"]

[Event "Titled Tuesday Blitz June 27 Early 2023"]
[White "Ajay Karthikeyan"]
[Black "Yeritsyan, Hayk"]
[WhiteFideId "35011685"]
[BlackFideId "13307320"]
[WhiteElo "2703"]
[BlackElo "2460"]
[Result "0-1"]
[Round "4"]
[TimeControl "180+2"]
[Date "2023.06.27"]
[WhiteClock "0:00:00"]
[BlackClock "0:01:20"]
[Board "85"]

1. c4 c6 2. Nf3 d5 3. e3 Nf6 4. b3 Bf5 5. Bb2 e6 6. h3 h6 7. Nc3 Be7 8. d4 Nbd7 9. Bd3 Bxd3 10. Qxd3 O-O 11. O-O Bd6 12. Nd2 Qe7 13. e4 dxc4 14. Nxc4 e5 15. dxe5 Bxe5 16. Ba3 c5 17. Rfe1 a6 18. Nd5 Nxd5 19. exd5 Qf6 20. Nxe5 Nxe5 21. Qc3 Nd7 22. Qxf6 Nxf6 23. Rad1 b6 24. Bb2 Nd7 25. Re7 Rad8 26. d6 Rfe8 27. g4 Nf8 28. Be5 f6 29. Rxe8 Rxe8 30. Bf4 Nd7 31. Kg2 Kf7 32. Kf3 Ke6 33. Re1+ Ne5+ 34. Bxe5 fxe5 35. Rd1 Rd8 36. Ke4 Rxd6 37. Rxd6+ Kxd6 38. Kf5 b5 39. h4 Kd5 40. g5 hxg5 41. hxg5 c4 42. bxc4+ bxc4 43. Kg6 c3 44. Kxg7 c2 45. g6 c1=Q 46. Kh7 Qc2 47. f3 Qf5 0-1


[Site "https://www.chess.com"]

[Event "Titled Tuesday Blitz June 27 Early 2023"]
[White "Abdilkhair, Abilmansur"]
[Black "Fromm, Marius"]
[WhiteFideId "13716417"]
[BlackFideId "12993190"]
[WhiteElo "2454"]
[BlackElo "2703"]
[Result "0-1"]
[Round "4"]
[TimeControl "180+2"]
[Date "2023.06.27"]
[WhiteClock "0:00:03"]
[BlackClock "0:00:10"]
[Board "86"]

1. e4 c5 2. c3 d5 3. exd5 Qxd5 4. d4 Nf6 5. Nf3 e6 6. Be3 cxd4 7. cxd4 Bb4+ 8. Nc3 Bd7 9. Bd3 Bb5 10. O-O Bxc3 11. bxc3 Bxd3 12. Qxd3 Nbd7 13. c4 Qa5 14. Rab1 O-O 15. Rxb7 Qxa2 16. Ne5 Nxe5 17. dxe5 Ng4 18. Bc5 Rfc8 19. Qe4 Rxc5 20. Qxg4 Qxc4 21. Qf3 Rf8 22. Rxa7 Rxe5 23. g3 Rf5 24. Qe3 Qd5 25. Rc1 h5 26. h4 g6 27. Rac7 Rf3 28. Qc5 Qd2 29. Rc8 Rxc8 30. Qxc8+ Kg7 31. Rf1 Qd4 32. Qc7 e5 33. Kg2 Qd5 34. Kg1 e4 35. Re1 Qd2 36. Qe5+ Kh7 37. Rf1 Qe2 38. Qd4 e3 39. Qd1 exf2+ 40. Kg2 Qxd1 41. Rxd1 Rf5 42. Rf1 Kg7 43. Rxf2 Rxf2+ 44. Kxf2 Kf6 45. Ke3 Ke5 46. Kf3 Kf5 0-1


[Site "https://www.chess.com"]

[Event "Titled Tuesday Blitz June 27 Early 2023"]
[White "Garrido Outon, Alex"]
[Black "Volkov, Maksim"]
[WhiteFideId "24516279"]
[BlackFideId "54123070"]
[WhiteElo "2453"]
[BlackElo "2702"]
[Result "1-0"]
[Round "4"]
[TimeControl "180+2"]
[Date "2023.06.27"]
[WhiteClock "0:00:34"]
[BlackClock "0:00:00"]
[Board "87"]

1. e4 c5 2. Ne2 d6 3. g3 Nf6 4. Bg2 Nc6 5. O-O g6 6. c3 Bg7 7. d4 cxd4 8. cxd4 O-O 9. Nbc3 e5 10. d5 Nd4 11. Nxd4 exd4 12. Qxd4 Re8 13. Qd3 Ng4 14. Bf4 a6 15. Rac1 b5 16. b3 Ne5 17. Qd2 Bd7 18. Ne2 Qb6 19. Be3 Qb7 20. Nd4 Ng4 21. Bf4 Qb6 22. Rfd1 Rac8 23. Nc6 Ne5 24. Be3 Qb7 25. Na5 Qb8 26. f4 Ng4 27. Bd4 Nf6 28. Qd3 Bg4 29. Re1 Rc7 30. Rxc7 Qxc7 31. Nc6 Nxd5 32. Bxg7 Qxc6 33. Bb2 Nb4 34. Qd2 Qc5+ 35. Bd4 Qc2 36. Qxb4 Qxa2 37. Bc3 1-0


[Site "https://www.chess.com"]

[Event "Titled Tuesday Blitz June 27 Early 2023"]
[White "Petrosian, Karlen"]
[Black "Rios Escobar, Adan"]
[WhiteFideId "4176146"]
[BlackFideId "3403645"]
[WhiteElo "2701"]
[BlackElo "2452"]
[Result "1-0"]
[Round "4"]
[TimeControl "180+2"]
[Date "2023.06.27"]
[WhiteClock "0:00:28"]
[BlackClock "0:00:07"]
[Board "88"]

1. e4 c5 2. Be2 Nc6 3. f4 d5 4. d3 dxe4 5. dxe4 Be6 6. Nf3 g6 7. Be3 Qxd1+ 8. Kxd1 b6 9. Nbd2 h6 10. Bb5 Bd7 11. a4 Bg7 12. c3 Nf6 13. Ke2 a6 14. Bd3 O-O 15. Nc4 Rfb8 16. Rhd1 Bg4 17. h3 Be6 18. g4 Bxc4 19. Bxc4 Nxe4 20. Bd5 Nxc3+ 21. bxc3 Rc8 22. Rac1 Rab8 23. Bxc6 Rxc6 24. c4 Re6 25. Kf2 Re4 26. Nd2 Re6 27. Kf3 f5 28. gxf5 gxf5 29. Nf1 Kf7 30. Ng3 Kg6 31. Rd5 Rf8 32. Rg1 Rxe3+ 33. Kxe3 e6 34. Nxf5+ Kf6 35. Nxg7 exd5 36. cxd5 Rg8 37. Nh5+ Kf7 38. Rxg8 Kxg8 39. f5 Kf7 40. Kd3 b5 41. axb5 axb5 42. Kc3 Ke7 43. Nf4 Kd6 44. f6 Kd7 45. h4 Ke8 46. h5 Kf7 47. Nd3 Kxf6 48. Nf4 Ke5 49. Kd3 c4+ 50. Kc3 Kd6 51. Kd4 Kd7 52. Ne2 Kd6 53. Nc3 Ke7 54. Nxb5 Kf6 55. Kxc4 Kg5 56. d6 Kf6 57. Kc5 Ke6 58. Kc6 Kf6 59. Kc7 Kg5 60. d7 Kxh5 61. d8=Q Kg4 62. Qg8+ Kh4 63. Qg6 h5 64. Kd6 Kh3 65. Ke5 h4 66. Kf4 Kh2 67. Kf3 h3 68. Kf2 Kh1 69. Qg1# 1-0


[Site "https://www.chess.com"]

[Event "Titled Tuesday Blitz June 27 Early 2023"]
[White "Lacasa Diaz, Jose Antonio"]
[Black "Klekowski, Maciej"]
[WhiteFideId "2203375"]
[BlackFideId "1132717"]
[WhiteElo "2442"]
[BlackElo "2699"]
[Result "0-1"]
[Round "4"]
[TimeControl "180+2"]
[Date "2023.06.27"]
[WhiteClock "0:00:07"]
[BlackClock "0:01:15"]
[Board "89"]

1. e4 c6 2. d4 d6 3. Nc3 g6 4. a4 Bg7 5. Nf3 Bg4 6. Be3 Nd7 7. Be2 e5 8. dxe5 Bxf3 9. Bxf3 dxe5 10. a5 Qe7 11. Qd2 Ngf6 12. O-O O-O 13. Rfd1 Rfd8 14. Qd6 Qxd6 15. Rxd6 Bf8 16. Rd3 Nc5 17. Rxd8 Rxd8 18. Kf1 a6 19. Ke1 Ne6 20. Bb6 Rd7 21. Be2 Bb4 22. f3 Nh5 23. g3 Nd4 24. Bd1 Nb5 25. Kf1 Nxc3 26. bxc3 Bxc3 27. Rb1 Ng7 28. Be2 Ne6 29. Bc4 Nd4 30. Bxd4 Rxd4 31. Bd3 Rd7 32. f4 exf4 33. gxf4 Bxa5 34. Ke2 Kf8 35. Kf3 Bc3 36. Rb3 Bd4 37. e5 f5 38. exf6 Bxf6 39. f5 g5 40. Kg4 Kg7 41. Kf3 a5 42. Ra3 Rd5 43. Ra4 h5 44. h3 Bc3 45. Ke2 Bb4 46. Ra1 Kf6 47. Kf3 Re5 48. Be4 Rc5 49. Rd1 Rc3+ 50. Ke2 Ke5 51. Bd3 a4 52. Rf1 Kf6 53. Rb1 c5 54. Ra1 a3 55. Rb1 g4 56. hxg4 hxg4 57. Rh1 c4 58. Be4 Ke5 59. Rf1 Kxe4 0-1


[Site "https://www.chess.com"]

[Event "Titled Tuesday Blitz June 27 Early 2023"]
[White "Di Benedetto, Edoardo"]
[Black "Mika, Tomasz"]
[WhiteFideId "875740"]
[BlackFideId "1132970"]
[WhiteElo "2696"]
[BlackElo "2442"]
[Result "0-1"]
[Round "4"]
[TimeControl "180+2"]
[Date "2023.06.27"]
[WhiteClock "0:00:27"]
[BlackClock "0:00:06"]
[Board "90"]

1. d4 Nf6 2. c4 e6 3. Nc3 Bb4 4. e3 O-O 5. Bd3 d5 6. cxd5 exd5 7. Ne2 Re8 8. O-O c6 9. Nf4 Bd6 10. f3 Bxf4 11. exf4 Na6 12. f5 Qb6 13. Ne2 c5 14. a3 cxd4 15. b4 Nc7 16. Bb2 Nb5 17. Bxb5 Qxb5 18. Nxd4 Qb6 19. Qd2 Bxf5 20. Kh1 Be6 21. Qg5 h6 22. Qg3 Rac8 23. Rfe1 Bd7 24. Nb3 Rxe1+ 25. Rxe1 Re8 26. Rxe8+ Bxe8 27. Bd4 Qe6 28. Nc5 Qe2 29. Nxb7 Qd1+ 30. Bg1 d4 31. Nd6 Bd7 32. Nc4 d3 33. Qf2 Qc2 34. Nd2 Be6 35. h3 Nd5 36. Kh2 Nc3 37. Ne4 Ne2 38. Qe3 Qd1 39. Bf2 Kh7 40. Nd2 Qc2 41. f4 Kg8 42. b5 g6 43. a4 Qxa4 44. Qxd3 Qxf4+ 45. Bg3 Nxg3 46. Qxg3 Qxd2 47. Qb8+ Kg7 48. Qxa7 Qb4 49. b6 Qf4+ 50. Kg1 Bd5 51. Qa1+ Qf6 52. Qb1 Qc6 53. Qb2+ Kh7 54. Kh2 Qb7 55. Kg1 f6 56. Qxf6 g5 57. Qf5+ Kg7 58. Qe5+ Kf7 59. Qf5+ Kg7 60. Qe5+ Kf7 61. Qf5+ Ke7 62. Qh7+ Kf6 63. Qxh6+ Kf5 64. g4+ Kf4 65. Qf6+ Kg3 66. Qf2+ Kxh3 67. Qh2+ Kxg4 68. Qe2+ Kf5 69. Qd3+ Be4 70. Qb5+ Kf4 71. Qb4 g4 72. Qd6+ Kf3 73. Qf8+ Ke3 74. Qf2+ Kd3 75. Qg3+ Bf3 76. Qd6+ Kc4 77. Qe6+ Kb5 78. Qf5+ Kxb6 79. Qf6+ Ka7 80. Qa1+ Qa6 81. Qg7+ Qb7 82. Qa1+ Kb8 83. Qe5+ Kc8 84. Qe8+ Kc7 85. Qe7+ Kb6 86. Qb4+ Kc6 87. Qc4+ Kd6 88. Qf4+ Ke6 89. Qh6+ Ke5 90. Qg5+ Ke4 91. Qg6+ Kf4 92. Qf6+ Kg3 93. Qe5+ Kh4 94. Qh8+ Kg5 95. Qe5+ Kg6 96. Qe6+ Kh7 97. Qf5+ Kg8 98. Qg6+ Qg7 99. Qe8+ Qf8 100. Qg6+ Qg7 101. Qe8+ Kh7 102. Qh5+ Qh6 103. Qf7+ Kh8 104. Qe8+ Kg7 105. Qe7+ Kg6 106. Qe6+ Kg5 107. Qe3+ Kh5 108. Qe5+ Qg5 109. Qh2+ Kg6 110. Qd6+ Qf6 111. Qd3+ Kf7 112. Qc4+ Qe6 113. Qf4+ Ke7 114. Qc7+ Ke8 115. Qb8+ Kd7 116. Qa7+ Kc8 117. Qf2 Qc6 118. Qd2 Qc5+ 119. Kh2 Qc7+ 120. Kg1 Qb6+ 121. Kh2 Kc7 122. Qc3+ Qc6 123. Qg7+ Qd7 124. Qc3+ Kb8 125. Qb4+ Bb7 126. Qf4+ Qc7 127. Kg3 Qxf4+ 128. Kxf4 Bf3 129. Kg3 Kc7 130. Kf4 Kd6 131. Kg3 Ke6 132. Kf4 Kf6 133. Kg3 Kf5 134. Kf2 Kf4 135. Kg1 g3 136. Kf1 Bb7 137. Kg1 Kf3 138. Kf1 Bc8 139. Kg1 Ba6 140. Kh1 Bb7 141. Kg1 Bc6 142. Kf1 Bb5+ 143. Kg1 Ba4 144. Kf1 Be8 145. Kg1 Bf7 146. Kf1 Bg8 147. Kg1 Bh7 148. Kf1 Bg6 149. Kg1 Bh5 150. Kf1 Bg4 151. Kg1 Bd7 152. Kf1 Ke3 153. Kg1 Kf4 154. Kg2 Bc6+ 155. Kg1 Kf3 156. Kf1 Bb5+ 157. Kg1 Ba4 158. Kf1 Bc2 159. Kg1 Kf4 160. Kf1 Kg4 161. Kg2 Kh4 162. Kg1 Kh3 163. Kh1 Be4+ 164. Kg1 g2 165. Kf2 Kh2 166. Ke3 g1=Q+ 167. Kf4 Qg7 168. Kxe4 Kg3 0-1


[Site "https://www.chess.com"]

[Event "Titled Tuesday Blitz June 27 Early 2023"]
[White "Mirzoev, Azer"]
[Black "Itkis, Boris"]
[WhiteFideId "13400304"]
[BlackFideId "1209167"]
[WhiteElo "2695"]
[BlackElo "2438"]
[Result "1-0"]
[Round "4"]
[TimeControl "180+2"]
[Date "2023.06.27"]
[WhiteClock "0:00:20"]
[BlackClock "0:00:12"]
[Board "91"]

1. c4 c5 2. Nc3 Nc6 3. g3 g6 4. Bg2 Bg7 5. h4 h5 6. a3 d6 7. Rb1 Nh6 8. d3 Nf5 9. Nf3 Qd7 10. Nd5 b6 11. b4 Bb7 12. bxc5 dxc5 13. Bf4 O-O 14. O-O e6 15. Ne3 Nfd4 16. Nc2 Rad8 17. Bg5 Rc8 18. Nfxd4 Nxd4 19. Bxb7 Qxb7 20. Nxd4 cxd4 21. a4 Rc5 22. Rb5 a6 23. Rb2 b5 24. axb5 axb5 25. Qb3 Rfc8 26. Rfb1 Kh7 27. cxb5 Rc3 28. Qa4 Ra8 29. Qd1 f6 30. Bd2 Rc5 31. Qb3 Re5 32. Bf4 Rd5 33. b6 g5 34. hxg5 fxg5 35. Bc7 h4 36. Qd1 h3 37. f3 g4 38. Qf1 Bh6 39. Kh2 Rf8 40. Rc2 Rdf5 41. f4 e5 42. Bxe5 Rxe5 43. Rc7+ Re7 44. Rxb7 Rxb7 45. Qh1 Re7 46. Rb2 Rfe8 47. Qf1 Rb8 48. Qd1 Bf8 49. Qa4 Rbe8 50. Qa2 Rb7 51. Qd5 Rbe7 52. Qf5+ Kh6 53. Qxg4 1-0


[Site "https://www.chess.com"]

[Event "Titled Tuesday Blitz June 27 Early 2023"]
[White "Manukian, Artak"]
[Black "Diaz Perez, Michel Alejandro"]
[WhiteFideId "13301373"]
[BlackFideId "3517179"]
[WhiteElo "2410"]
[BlackElo "2690"]
[Result "0-1"]
[Round "4"]
[TimeControl "180+2"]
[Date "2023.06.27"]
[WhiteClock "0:00:06"]
[BlackClock "0:00:38"]
[Board "92"]

1. e4 d6 2. d4 Nd7 3. c4 Ngf6 4. Nc3 e5 5. d5 g6 6. Bd3 h5 7. Nf3 Bh6 8. Bxh6 Rxh6 9. Qd2 Rh8 10. O-O-O a5 11. Kb1 Nc5 12. Bc2 Bg4 13. Qe3 a4 14. h3 Bd7 15. Nd2 Qe7 16. g4 O-O-O 17. f3 b6 18. Ka1 Kb7 19. Ndb1 Rh7 20. Na3 hxg4 21. hxg4 Rdh8 22. Rxh7 Rxh7 23. Nab5 Bxb5 24. cxb5 Rh3 25. Qe2 Nh7 26. Nxa4 Nxa4 27. Bxa4 Qf6 28. Rf1 Ng5 29. Bd1 Qf4 30. Kb1 Rh2 31. Qc4 Qd2 32. Qc6+ Kb8 33. Qc3 Qxc3 34. bxc3 Nh3 35. Bc2 Nf4 36. Kb2 g5 37. Kb3 f6 38. a4 Kb7 39. Ra1 Rh3 40. Bd1 Rh1 41. Kc2 Ng2 42. Kd2 Nh4 43. Rc1 Rh2+ 44. Ke3 Ng2+ 45. Kd3 Ne1+ 46. Kc4 Rf2 47. Ra1 Nxf3 48. Bxf3 Rxf3 49. a5 bxa5 50. Rxa5 Rf4 51. Kd3 Rxg4 52. Ra6 Rg3+ 53. Kd2 Rf3 54. Rc6 g4 55. b6 cxb6 56. Rxd6 Kc7 57. Rxb6 Kxb6 0-1


[Site "https://www.chess.com"]

[Event "Titled Tuesday Blitz June 27 Early 2023"]
[White "Jaracz, Pawel"]
[Black "Hoffmann, Asa"]
[WhiteFideId "1102222"]
[BlackFideId "2001470"]
[WhiteElo "2688"]
[BlackElo "2408"]
[Result "1-0"]
[Round "4"]
[TimeControl "180+2"]
[Date "2023.06.27"]
[WhiteClock "0:00:51"]
[BlackClock "0:00:00"]
[Board "93"]

1. e4 d6 2. Nc3 Nf6 3. f4 c6 4. Nf3 g6 5. d4 Bg7 6. Be3 Qb6 7. a3 Bg4 8. Bd3 Nbd7 9. O-O e5 10. Ne2 Bxf3 11. gxf3 Nh5 12. c3 O-O 13. Qd2 exf4 14. Nxf4 Nxf4 15. Bxf4 c5 16. d5 c4+ 17. Be3 Bh6 18. f4 Qc7 19. Bc2 Rae8 20. Rae1 Nc5 21. Bd4 f6 22. Qf2 b6 23. Qg3 Bg7 24. h4 Qf7 25. h5 f5 26. hxg6 Qxg6 27. Qxg6 hxg6 28. e5 Nd3 29. Bxd3 cxd3 30. Re3 d2 31. Rd1 g5 32. e6 gxf4 33. Rd3 Be5 34. R1xd2 Rf6 35. Rg2+ Kf8 36. Rh3 1-0


[Site "https://www.chess.com"]